 Dungeon Crawl Stone Soup version 0.17-a0-435-gc4df345 (webtiles) character file.

71 krae the Chopper (level 4, -2/40 HPs)
             Began as a Deep Dwarf Fighter on Apr 4, 2015.
             Slain by an orc
             ... wielding a +0 mace
              (4 damage)
             ... on level 3 of the Dungeon.
             The game lasted 00:03:33 (795 turns).

krae the Chopper (Deep Dwarf Fighter)                Turns: 795, Time: 00:03:33

Health: -2/40      AC:  6    Str: 19    XL:     4   Next: 5%
Magic:  4/4        EV:  7    Int:  9    God:
Gold:   138        SH:  9    Dex: 13    Spells: 0 memorised, 3 levels left

rFire  . . .     SeeInvis .     a - +0 war axe
rCold  . . .     Clarity  .     b - +0 scale mail
rNeg   . . .     SustAb   .     c - +0 shield
rPois  .         Gourm    .     (no helmet)
rElec  .         Spirit   .     (no cloak)
rCorr  .         Warding  .     (no gloves)
rMut   .         Stasis   .     (no boots)
MR     .....                    (no amulet)
Stlth  +.........               (no ring)
                                g - ring of stealth

@: non-regenerating, not resistant to hostile enchantments, very unstealthy
A: damage resistance, recharge devices, sense surroundings 1, slow healing 3
a: Device Recharging


You were on level 3 of the Dungeon.
You were not hungry.

You visited 1 branch of the dungeon, and saw 3 of its levels.

You collected 138 gold pieces.


Innate Abilities, Weirdness & Mutations

You are resistant to damage.
You can recharge devices by infusing magical energy.
You passively map a small area around you.
You do not heal naturally.


   Skills:
 - Level 2.6 Fighting
 + Level 4.8 Axes
 - Level 3.2 Armour
 - Level 3.2 Shields


You had 3 spell levels left.
You didn't know any spells.

Inventory:

Hand weapons
 a - a +0 war axe (weapon)
Armour
 b - a +0 scale mail (worn)
 c - a +0 shield (worn)
Rods
 q - a +0 rod of shadows (10/10) {!a}
   (You found it on level 3 of the Dungeon)
Jewellery
 g - a ring of stealth (left hand)
Magical devices
 d - a wand of heal wounds (5) {!d@v2}
Scrolls
 h - 2 scrolls of identify {unknown}
 j - 2 scrolls of enchant armour {unknown}
 k - 2 scrolls of amnesia {unknown}
 l - 2 scrolls of immolation {unknown}
 m - a scroll of remove curse {unknown}
Potions
 e - a potion of might
 i - 2 potions of resistance {unknown}
 n - a potion of curing {unknown}
 o - a potion of beneficial mutation {unknown}
Comestibles
 f - a bread ration
 p - a meat ration

Dungeon Overview and Level Annotations

Branches:
Dungeon (3/15)

Altars:
Dithmenos
Okawaru

* ... , , ...... #.
......# * ...#+#'#..... ,
, #.<..........
#............ ,
#............ , , . ,#
#....oo....... , . .,.#,
* #g)....... ,,...#..#
#(........ *#+#.#.##
#......... #.##.#.##
#.#####+## * ##.###.#.###
#.#####...,
....#._.##.#####........#
*
#.####.###......######..#
#.###.#.##......# #.#
##.#..####..#


You could see an orc warrior and an orc.


Message History

You block the orc's attack.
You hit the orc warrior.
The orc warrior is heavily wounded.
Your shield prevents you from hitting the orc.
The orc warrior hits you with a battleaxe!
* * * LOW HITPOINT WARNING * * *
You block the orc's attack.
You barely miss the orc warrior.
The orc warrior is heavily wounded.
Your shield and scale mail prevent you from hitting the orc.
The orc warrior hits you but does no damage.
You block the orc's attack.
You closely miss the orc warrior.
The orc warrior is heavily wounded.
You hit the orc.
The orc is lightly wounded.
The orc hits you with a mace.
* * * LOW HITPOINT WARNING * * *
You block the orc warrior's attack.
You hit the orc warrior.
The orc warrior is heavily wounded.
You barely miss the orc.
The orc is lightly wounded.
The orc hits you with a mace. You block the orc warrior's attack.
You closely miss the orc warrior.
The orc warrior is heavily wounded.
Your shield and scale mail prevent you from hitting the orc.
The orc is lightly wounded.
The orc hits you with a mace.
You die...

Action                   |  1- 3 |  4- 6 || total
-------------------------+-------+-------++-------
Melee: War axe           |   113 |     8 ||   121

Vault maps used:
D:1:      lightli_arrival_lavapool
D:2:      first_bread
D:3:      old_standard_altar, grunt_dithmenos_smoke_and_mirrors

Notes
Turn   | Place    | Note
--------------------------------------------------------------
     0 | D:1      | krae, the Deep Dwarf Fighter, began the quest for the Orb.
     0 | D:1      | Reached XP level 1. HP: 20/20 MP: 1/1
   124 | D:1      | Reached skill level 3 in Axes
   130 | D:1      | Reached XP level 2. HP: 27/27 MP: 2/2
   466 | D:2      | Reached skill level 4 in Axes
   466 | D:2      | Reached XP level 3. HP: 22/33 MP: 3/3
   566 | D:3      | Found an iron altar of Okawaru.
   701 | D:3      | Identified a +0 rod of shadows (10/10) {!a} (You found it on level 3 of the Dungeon)
   759 | D:3      | Found a shadowy altar of Dithmenos.
   783 | D:3      | Noticed an orc warrior
   787 | D:3      | Reached XP level 4. HP: 20/40 MP: 4/4
   791 | D:3      | HP: 3/40 [orc warrior/battleaxe (10)]
   795 | D:3      | Slain by an orc

Vanquished Creatures
  An adder (D:2)
  A worm (D:3)
  A giant gecko (D:1)
  5 orcs (D:3)
  A ball python (D:1)
  A giant cockroach (D:1)
  5 goblins
  6 hobgoblins
  6 jackals
  A quokka (D:3)
  3 bats (D:1)
  2 giant newts (D:1)
  10 kobolds
  3 rats
46 creatures vanquished.
